 Dungeon Crawl Stone Soup version 0.28.0-62-gf88900778d (webtiles) character file.

Game seed: 8729465849207175922

3410 cbfl8 the Covert (level 10, -3/58 HPs)
             Began as a Kobold Brigand on June 1, 2023.
             Was a Believer of the Shining One.
             Slain by a hornet (6 damage)
             ... while paralysed by a hornet
             ... on level 8 of the Dungeon.
             The game lasted 00:09:41 (10053 turns).

cbfl8 the Covert (Kobold Brigand)                  Turns: 10053, Time: 00:09:42

Health: -3/58      AC:  5    Str: 16    XL:     10   Next: 25%
Magic:  10/10      EV:  3    Int: 13    God:    the Shining One [**....]
Gold:   238        SH:  0    Dex: 19    Spells: 9/9 levels left

rFire   + + .      SeeInvis .   t - +7 dagger of Gluttony {spect, Str+3 Dex+3}
rCold   . . .      Faith    .   (no shield)
rNeg    + . .      Spirit   .   m - +1 robe {rF+}
rPois   .          Reflect  .   (no helmet)
rElec   .          Harm     .   c - +0 cloak
rCorr   .          Rampage  .   q - +0 pair of gloves
Will    .....                   (no boots)
Stlth   +++.......              u - amulet of magic regeneration
HPRegen 0.19/turn               B - ring of protection from fire
MPRegen 0.52/turn               (no ring)

@: paralysed, lethally poisoned (-3 -> -11), slowed, glowing
A: small, no large weapons, nightstalker 3
a: Renounce Religion, Divine Shield


You were on level 8 of the Dungeon.
You worshipped the Shining One.
The Shining One was pleased with you.
You visited 1 branch of the dungeon, and saw 8 of its levels.

You collected 238 gold pieces.

Inventory:

Hand Weapons
 o - a +1 dagger of venom
 t - the +7 dagger of Gluttony (weapon) {spect, Str+3 Dex+3}
   (You found it on level 5 of the Dungeon)

   When its wielder attacks, the weapon's spirit leaps out and strikes again.
   The spirit shares a part of any damage it takes with its wielder.
   Str:       It affects your strength (+3).
   Dex:       It affects your dexterity (+3).
Missiles
 d - 18 poisoned darts (quivered)
 e - 2 curare-tipped darts
Armour
 c - a +0 cloak (worn)
 m - a +1 robe of fire resistance (worn)
 q - a +0 pair of gloves (worn)
 r - a +1 chain mail of poison resistance
Jewellery
 u - an amulet of magic regeneration (around neck)
 B - a ring of protection from fire (left hand)
Wands
 p - a wand of polymorph (4)
 v - a wand of charming (6)
 x - a wand of flame (15)
 y - a wand of iceblast (13)
 A - a wand of digging (4)
Scrolls
 f - a scroll of fog
 g - 2 scrolls of immolation
 h - a scroll of noise
 i - 2 scrolls of teleportation
 k - 2 scrolls of fear
 C - a scroll of enchant weapon
Potions
 a - a potion of cancellation {unknown}
 b - a potion of berserk rage {unknown}
 j - 3 potions of attraction {unknown}
 n - a potion of magic {unknown}
 s - a potion of flight {unknown}
 w - 3 potions of heal wounds {unknown}
 z - a potion of curing {unknown}


   Skills:
 + Level 4.6 Fighting
 * Level 10.2 Short Blades
 - Level 2.2 Throwing
 + Level 4.6 Dodging
 * Level 13.8 Stealth
 * Level 5.6 Evocations


You had 9 spell levels left.
You didn't know any spells.
Your spell library contained the following spells:

 Spells                   Type           Power      Damage    Failure   Level
 Freeze                   Ice            0%         1d3       30%         1
 Frozen Ramparts          Ice            0%         1d2       67%         3
 Summon Guardian Golem    Hex/Summ       0%         N/A       67%         3
 Hailstorm                Conj/Ice       0%         3d3       97%         4
 Summon Forest            Summ/Tloc      0%         N/A       100%        5
 Summon Mana Viper        Hex/Summ       0%         N/A       100%        5
 Summon Cactus Giant      Summ           0%         N/A       100%        6
 Orb of Destruction       Conj           0%         9d5       100%        7
 Spellforged Servitor     Conj/Summ      0%         N/A       100%        7


Dungeon Overview and Level Annotations

Branches:
Dungeon (8/15)             Temple (0/1) D:7
   Lair: D:8-11

Altars:
Cheibriados
Hepliaklqana
Makhleb
Nemelex Xobeh
Okawaru
Trog
Uskayaw
Xom
Yredelemnul
Zin
The Shining One

Annotations:
D:5 Eustachio


Innate Abilities, Weirdness & Mutations

You are small and have problems with some larger weapons.
You are completely attuned to the shadows.


Message History

You feel yourself speed up.
You feel sick. The hornet stings you!
You are more poisoned.
You feel yourself slow down.
You can move again.
You barely miss the hornet.
Your +7 dagger of Gluttony {spect, Str+3 Dex+3} hits the hornet.
You feel very sick. The hornet completely misses you.
Unknown command.
You hit the hornet.
The hornet is lightly wounded.
Your +7 dagger of Gluttony {spect, Str+3 Dex+3} hits the hornet.
You feel yourself speed up.
You feel sick. The hornet barely misses you. x2
Unknown command.
You hit the hornet. You punch the hornet.
The hornet is moderately wounded.
Your +7 dagger of Gluttony {spect, Str+3 Dex+3} hits the hornet.
You feel sick.
Unknown command.
You hit the hornet.
The hornet is severely wounded.
Your +7 dagger of Gluttony {spect, Str+3 Dex+3} closely misses the hornet.
You feel sick. The hornet stings you.
You are more poisoned.
You suddenly lose the ability to move!
You feel very sick. The hornet stings you!
* * * LOW HITPOINT WARNING * * *
You feel yourself slow down. The hornet stings you.
* * * LOW HITPOINT WARNING * * *
You feel as though you will be slow longer.
* * * LOW HITPOINT WARNING * * *
You feel very sick. The hornet barely misses you.
* * * LOW HITPOINT WARNING * * *
You feel very sick. The hornet completely misses you. The hornet stings you.
You die...

.>....#
........#
........#
......§y#
......@.#
.#...##
#$..# .
#...# #
..#...#..
........#
...#.####
.)...#
...#(#


You could see a hornet.

Vanquished Creatures
  Prince Ribbit (D:6)
  Sigmund (D:3)
  A wyvern (D:8)
  A steam dragon (D:6)
  A water moccasin (D:7)
  4 ice beasts
  A sky beast (D:7)
  2 black bears (D:6)
  4 necrophages (D:7)
  A phantom (D:7)
  2 centaurs
  A kobold brigand (D:7)
  Blork the orc (D:6)
  A scorpion (D:5)
  A bullfrog (D:7)
  A water moccasin zombie (D:5)
  2 water moccasin skeletons
  6 wights (D:7)
  5 howler monkeys
  A human zombie (D:7)
  3 hounds
  A jelly (D:4)
  A centaur zombie (D:7)
  An orc priest (D:5)
  A bullfrog skeleton (D:5)
  Terence (D:3)
  An iguana (D:7)
  An orc wizard (D:7)
  3 killer bee zombies
  A hound zombie (D:5)
  3 mummies (D:7)
  A howler monkey skeleton (D:5)
  6 adders
  3 white imps
  A dart slug (D:2)
  9 orcs
  6 bats
  4 endoplasms
  4 giant cockroaches
  5 goblins
  10 hobgoblins
  3 jackals (D:2)
  16 kobolds
  6 quokkas
  4 ball pythons
  A frilled lizard (D:1)
  9 rats
143 creatures vanquished.

Notes
Turn   | Place    | Note
-------+----------+-------------------------------------------
     0 | D:1      | cbfl8 the Kobold Brigand began the quest for the Orb.
     0 | D:1      | Reached XP level 1. HP: 12/12 MP: 1/1
   253 | D:1      | Reached XP level 2. HP: 17/17 MP: 2/2
   584 | D:1      | Reached skill level 6 in Stealth
   605 | D:1      | Noticed a sun demon
   609 | D:1      | Found a faded altar of an unknown god.
  1305 | D:2      | Reached XP level 3. HP: 21/21 MP: 3/3
  1484 | D:2      | Reached XP level 4. HP: 26/26 MP: 4/4
  1997 | D:2      | Reached skill level 7 in Stealth
  2032 | D:2      | Reached skill level 1 in Evocations
  2722 | D:2      | You fall into a shaft and drop 2 floors!
  2824 | D:3      | Noticed Sigmund
  2835 | D:3      | Killed Sigmund
  2836 | D:3      | Reached skill level 8 in Stealth
  2836 | D:3      | Reached XP level 5. HP: 7/31 MP: 5/5
  2836 | D:3      | Reached XP level 6. HP: 8/36 MP: 6/6
  3831 | D:3      | Noticed Terence
  3835 | D:3      | Killed Terence
  4028 | D:4      | Found an iron altar of Okawaru.
  4248 | D:4      | Noticed an ogre
  4288 | D:4      | Reached skill level 5 in Short Blades
  4288 | D:4      | Reached skill level 9 in Stealth
  4288 | D:4      | Reached XP level 7. HP: 10/40 MP: 7/7
  4632 | D:4      | Found a glowing silver altar of Zin.
  4679 | D:4      | Found a hide-covered altar of Uskayaw.
  4824 | D:4      | Found a snail-covered altar of Cheibriados.
  5227 | D:5      | Entered Level 5 of the Dungeon
  5258 | D:5      | Identified the +7 dagger of Gluttony {spect, Str+3 Dex+3}
  5655 | D:5      | Reached skill level 10 in Stealth
  5705 | D:5      | Noticed Eustachio
  5712 | D:5      | Reached XP level 8. HP: 30/45 MP: 8/8
  6342 | D:5      | Found a sparkling altar of Nemelex Xobeh.
  6712 | D:6      | Reached skill level 11 in Stealth
  6722 | D:6      | Found a glowing golden altar of the Shining One.
  6763 | D:6      | Became a worshipper of the Shining One
  6846 | D:6      | Noticed Blork the orc
  6855 | D:6      | Killed Blork the orc
  6932 | D:6      | Noticed Prince Ribbit
  6940 | D:6      | Killed Prince Ribbit
  6941 | D:6      | Reached XP level 9. HP: 34/51 MP: 9/9
  7362 | D:6      | Found a burning altar of Makhleb.
  7935 | D:7      | Reached skill level 12 in Stealth
  8224 | D:7      | Found a hazy altar of Hepliaklqana.
  8450 | D:7      | Found a shimmering altar of Xom.
  8470 | D:7      | Reached skill level 13 in Stealth
  8779 | D:7      | Found a bloodstained altar of Trog.
  9092 | D:7      | Reached * piety under the Shining One
  9167 | D:7      | Reached skill level 5 in Evocations
  9167 | D:7      | Found a basalt altar of Yredelemnul.
  9339 | D:7      | Reached XP level 10. HP: 53/56 MP: 10/10
  9620 | D:7      | Reached ** piety under the Shining One
  9894 | D:7      | Found a staircase to the Ecumenical Temple.
 10006 | D:8      | Reached skill level 10 in Short Blades
 10045 | D:8      | Paralysed by a hornet for 2 turns
 10050 | D:8      | Paralysed by a hornet for 3 turns
 10053 | D:8      | Slain by a hornet

Illustrated notes

Levels and vault maps discovered:
D:1:      minmay_arrival_stone_box, layout_loops_corners,
          dreamdust_ecumenical_altar_sealed_demon
D:2:      layout_basic
D:3:      layout_basic, minivault_25, uniq_terence, uniq_sigmund
D:4:      layout_loops_ring, mainiacjoe_overflow_boulevard, okawaru_trees_2,
          mainiacjoe_overflow_two_lobes
D:5:      layout_basic, lemuel_tele_altar, uniq_eustachio
D:6:      layout_basic, bloody_makhleb, mainiacjoe_overflow_24_doors,
          uniq_blork_the_orc, uniq_prince_ribbit1
D:7:      layout_loops_ring, trog_hazing_becter, tgw_xom,
          lemuel_mausoleum_altar_yredelemnul, kennysheep_mini_moat, temple_hall
D:8:      layout_loops_cross, serial_rivers, chequers_serial_rivers_micro_b,
          chequers_serial_rivers_small_a, chequers_serial_rivers_micro_c,
          chequers_serial_rivers_room_a, gammafunk_ghost_abyssal_escape,
          david_defended_altar_orc

Skill      XL: |  1  2  3  4  5  6  7  8  9 10 |
---------------+-------------------------------+-----
Stealth        | 6 8 9 10 11 13 | 13.8
Short Blades   | 3 4 5 6 7 9 10 | 10.2
Evocations     | 1 2 3 4 5 |  5.6
Dodging        | 2 3 4 |  4.6
Fighting       | 3 4 |  4.6
Throwing       | |  2.2

Action                   |  1- 3 |  4- 6 |  7- 9 | 10-12 || total
-------------------------+-------+-------+-------+-------++-------
Melee: Dagger            |    32 |    57 |   230 |    40 ||   359
       Punch             |     2 |     1 |     2 |     2 ||     7
       Short sword       |    23 |    34 |       |       ||    57
  Use: Scroll            |       |       |     1 |     5 ||     6
 Stab: Sleeping          |    15 |    15 |    13 |       ||    43
       Distracted        |       |     1 |       |       ||     1
Armor: Robe              |    14 |    13 |    25 |       ||    52
Dodge: Dodged            |    24 |    41 |    89 |    24 ||   178
